 Dungeon Sprint DCSS version 0.17-a0-1701-gf693a3f (webtiles) character file.

83 Kidiri the Covered (level 4, 0/42 HPs)
             Began as a Minotaur Fighter on Aug 21, 2015.
             Slain by a human (13 damage)
             ... in the Dungeon (Sprint III: "The Ten Rune Challenge").
             The game lasted 00:01:48 (436 turns).

Kidiri the Covered (Minotaur Fighter)                Turns: 436, Time: 00:01:48

Health: 0/42       AC:  7    Str: 22    XL:     4   Next: 22%
Magic:  3/3        EV:  9    Int:  5    God:
Gold:   36         SH: 10    Dex:  9    Spells: 0 memorised, 3 levels left

rFire  . . .     SeeInvis .     a - +0 flail
rCold  . . .     Clarity  .     b - +0 scale mail
rNeg   . . .     SustAt   .     c - +0 shield
rPois  .         Gourm    .     (helmet restricted)
rElec  .         Spirit   .     (no cloak)
rCorr  .         Warding  .     (no gloves)
rMut   .         NoTele   +     (no boots)
MR     .....                    (no amulet)
Stlth  +.........               (no ring)
                                (no ring)

@: not resistant to hostile enchantments, very unstealthy
A: retaliatory headbutt, horns 2, thin skeletal structure 1, camouflage 1,
clumsy 1
a: no special abilities


You were in the Dungeon.
You were not hungry.

You visited 1 branch You collected 36 gold pieces.

Inventory:

Hand weapons
 a - a +0 flail (weapon)
Armour
 b - a +0 scale mail (worn)
 c - a +0 shield (worn)
Scrolls
 g - 2 scrolls of immolation
 k - a scroll of blinking
 l - 5 scrolls of remove curse
Potions
 d - a potion of might
 h - a potion of haste
 i - 2 potions of magic
 j - a potion of berserk rage
 p - 3 potions of flight
 r - a potion of curing
Comestibles
 e - a bread ration
 n - 2 royal jellies


   Skills:
 + Level 5.1 Fighting
 * Level 5.3 Maces & Flails
 * Level 6.2 Armour
 + Level 2.6 Dodging
 * Level 6.2 Shields


You had 3 spell levels left.
You didn't know any spells.

Dungeon Overview and Level Annotations

Branches:
Dungeon (1/1)

Altars:
Okawaru
Trog


Innate Abilities, Weirdness & Mutations

You reflexively headbutt those who attack you in melee.
You have a pair of horns on your head.
You have a somewhat thin skeletal structure (Dex +2, Stealth).
Your skin changes colour to match your surroundings (Stealth).
You are clumsy. (Dex -2)


Message History

The human is lightly wounded.
You block the human's attack.
You hit the human.
The human is moderately wounded.
You sock the human!
The human is heavily wounded.
The human hits you.
The human drinks a potion.
The human goes berserk!
You closely miss the human.
The human is heavily wounded.
The human completely misses you.
The human drinks a potion.
The human seems to grow stronger.
You block the human's attack. The human misses you.
You completely miss the human.
The human is heavily wounded.
The human barely misses you. The human hits you with a dagger.
The human hits you.
You hit the human. Your headbutt misses the human.
The human is heavily wounded.
The human hits you with a dagger! The human hits you!
You die...

▓▓ ▓▓▓ .#### ##.# #####
....#####..# #__[
.....#..#..# #..
##...#..#..###+#p###+##
###..##+#..#...p@.....#
.##..###...'.⌠........#
##..####...#...######+#
##..###....#.⌠.#
#..÷##.....#...#
....#......#+###
..##.#.....#
..#####....# ▓▓▓ ▓▓▓▓▓▓


You could see 2 humans.

Vanquished Creatures
  A water elemental (D)
  A human (D)
  An ooze (D)
  A phantom (D)
  3 rats (D)
7 creatures vanquished.

Vanquished Creatures (others)
  2 draconian scorchers (D)
  A yaktaur (D)
3 creatures vanquished.

Grand Total: 10 creatures vanquished

Notes
Turn   | Place    | Note
--------------------------------------------------------------
     0 | D        | Kidiri the Minotaur Fighter began the quest for the Orb.
     0 | D        | Reached XP level 1. HP: 19/19 MP: 0/0
    14 | D        | Reached skill level 4 in Armour
    45 | D        | Reached skill level 1 in Dodging
    71 | D        | Reached skill level 5 in Armour
    71 | D        | Reached skill level 5 in Shields
    71 | D        | Reached XP level 2. HP: 15/28 MP: 1/1
    91 | D        | Reached XP level 3. HP: 25/34 MP: 2/2
   162 | D        | Killed a yaktaur
   186 | D        | Gained mutation: You have a somewhat thin skeletal structure (Dex +2, Stealth). [potion of mutation]
   186 | D        | Gained mutation: Armour fits poorly on your strangely shaped body. [potion of mutation]
   186 | D        | Gained mutation: Your muscles are strong. (Str +2) [potion of mutation]
   187 | D        | Gained mutation: Your skin changes colour to match your surroundings (Stealth). [potion of mutation]
   187 | D        | Gained mutation: You are clumsy. (Dex -2) [potion of mutation]
   188 | D        | Gained mutation: You evolve. [potion of mutation]
   188 | D        | Gained mutation: You can breathe flames. [potion of mutation]
   189 | D        | Lost mutation: Armour fits poorly on your strangely shaped body. [potion of cure mutation]
   189 | D        | Lost mutation: You can breathe flames. [potion of cure mutation]
   189 | D        | Lost mutation: You evolve. [potion of cure mutation]
   189 | D        | Lost mutation: Your muscles are strong. (Str +2) [potion of cure mutation]
   196 | D        | Killed a white draconian scorcher
   208 | D        | Killed a white draconian scorcher
   274 | D        | Noticed a water elemental
   278 | D        | Killed a water elemental
   278 | D        | Reached skill level 5 in Fighting
   278 | D        | Reached skill level 5 in Maces & Flails
   278 | D        | Reached skill level 6 in Armour
   278 | D        | Reached XP level 4. HP: 21/42 MP: 3/3
   429 | D        | Found an iron altar of Okawaru.
   429 | D        | Found a bloodstained altar of Trog.
   429 | D        | Noticed a human
   431 | D        | Noticed a human
   436 | D        | Slain by a human

Vault maps used:
D:        dungeon_sprint_mu

Action                   |  1- 3 |  4- 6 || total
-------------------------+-------+-------++-------
Melee: Flail             |    41 |     6 ||    47
  Use: Potion            |     6 |       ||     6
       Scroll            |     2 |       ||     2
